 Dungeon Crawl Stone Soup version 0.29-a0-234-g0dae59b3db (webtiles) character file.

Game seed: 173841897083610875

225 spaghetti the Magician (level 5, -3/35 HPs)
             Began as a Mummy Earth Elementalist on Mar 2, 2022.
             Was a Believer of Nemelex Xobeh.
             Killed by divine providence
             ... invoked by an orc priest
              (13 damage)
             ... on level 4 of the Dungeon.
             The game lasted 00:04:28 (3747 turns).

spaghetti the Magician (Mummy Earth Elementalist)   Turns: 3747, Time: 00:04:28

Health: -3/35      AC:  2    Str: 19    XL:     5   Next: 68%
Magic:  12/12      EV: 12    Int: 14    God:    Nemelex Xobeh [**....]
Gold:   170        SH:  0    Dex: 13    Spells: 10/14 levels left

rFire   . . .      SeeInvis .   j - +3 spear {polearm}
rCold   + . .      Faith    .   (no shield)
rNeg    + + +      Spirit   .   b - +0 robe
rPois   ∞          Reflect  .   (no helmet)
rElec   .          Harm     .   (no cloak)
rCorr   .          Rampage  .   (no gloves)
Will    .....                   (no boots)
Stlth   ++........              (no amulet)
HPRegen 0.11/turn               e - ring of protection from fire
MPRegen 0.13/turn               h - +6 ring of strength

@: no status effects
A: cold resistance 1, negative energy resistance 3, torment resistance 2, heat
vulnerability 1, in touch with death 1, no potions
a: Renounce Religion, Draw Escape, Draw Destruction, Draw Summoning


You were on level 4 of the Dungeon.
You worshipped Nemelex Xobeh.
Nemelex Xobeh was pleased with you.
You visited 1 branch of the dungeon, and saw 4 of its levels.

You collected 170 gold pieces.


Innate Abilities, Weirdness & Mutations

You are immune to poison.
Your flesh is cold resistant. (rC+)
You are immune to negative energy. (rN+++)
You are immune to unholy pain and torment.
You are vulnerable to heat. (rF-)
You are in touch with the powers of death.
You do not drink.


   Skills:
 + Level 2.0 Armour
 - Level 1.5 Dodging
 - Level 1.5 Stealth
 - Level 5.0 Spellcasting
 + Level 1.4 Conjurations
 - Level 0.7 Transmutations
 + Level 3.3 Earth Magic


You had 10 spell levels left.
You knew the following spells:

 Your Spells              Type           Power      Damage    Failure   Level
a - Sandblast             Erth           24%        2d8       4%          1
b - Stone Arrow           Conj/Erth      20%        3d8       21%         3

Your spell library contained the following spells:

 Spells                   Type           Power      Damage    Failure   Level
 Passwall                 Tmut/Erth      7%         N/A       12%         2
 Petrify                  Tmut/Erth      9%         N/A       58%         4
 Freezing Cloud           Conj/Ice/Air   2%         6-21      99%         5
 Simulacrum               Ice/Necr       2%         N/A       100%        6
 Polar Vortex             Ice            1%         N/A       100%        9

Inventory:

Hand Weapons
 d - a +0 dagger {short}
   (You took it off a goblin on level 1 of the Dungeon)
 f - a +0 whip {mace}
   (You took it off a kobold on level 1 of the Dungeon)
 g - a +0 short sword {short}
   (You found it on level 1 of the Dungeon)
 j - a +3 spear (weapon) {polearm}
   (You found it on level 2 of the Dungeon)
Missiles
 a - 98 stones {throwing}
 i - 12 poisoned darts {throwing}
 n - 3 boomerangs {throwing}
Armour
 b - a +0 robe (worn)
Jewellery
 e - a ring of protection from fire (left hand)
   (You found it on level 1 of the Dungeon)
 h - a +6 ring of strength (right hand)
   (You found it on level 1 of the Dungeon)
 k - a ring of see invisible
   (You found it on level 2 of the Dungeon)
Scrolls
 c - a scroll of vulnerability {!r!r}
 l - a scroll of identify {@r1}
 m - a scroll of fog {unknown}

Dungeon Overview and Level Annotations

Branches:
Dungeon (4/15)
 Temple: D:4-7

Altars:
Nemelex Xobeh

Annotations:
D:4 Robin .........# ##### .........# ..... .........# ....o. .........# !..gog

.........#########og..g.
...............c.hog..g.
............(.gl..go....
.......)......gY@Ncgg...
.....)...#########.cS...
.........# .....
.....(...# ....
####'##### ###
####.####### ......##...
####..##.#####
.............#


You could see Robin, an orc priest, 2 orc wizards, 2 gnolls, 2 orcs, 4
hobgoblins, 4 goblins, a ball python (ally target), a friendly naga sharpshooter
(summoned), 3 friendly centaur warriors, a friendly raiju (summoned), a friendly
basilisk (summoned), a friendly ice beast (summoned) and a friendly +0 hand axe
of venom (summoned).


Message History

You hit the orc.
A gnoll comes into view. It is wielding a +0 spear.
The gnoll shouts!
You hit the orc. The orc barely misses you.
You hit the orc.
You kill the orc!
You hit the endoplasm. The endoplasm freezes you.
You are frozen.
You resist. The gnoll closely misses you.
You puncture the endoplasm!
You kill the endoplasm!
The gnoll hits you from afar with a +0 spear.
The gnoll hits you from afar with a +0 halberd.
You are too injured to fight recklessly! 😮 HP[-10]
You take 10 damage, and now have 25/35 hp.
MASSIVE DAMAGE!! (PAUSE)
You draw a card...
You have drawn the Dance.
The gnoll hits you but does no damage. The endoplasm freezes you.
You are frozen.
You resist.
The gnoll barely misses you. x2 😮 HP[-1]
You take 1 damage, and now have 24/35 hp.
You draw a card...
You have drawn Velocity.
The endoplasm seems to slow down.
The gnoll seems to slow down.
The deck of cards glows with a rainbow of weird colours and disappears.
The gnoll closely misses you.
The gnoll hits you from afar with a +0 halberd.
The gnoll hits you from afar with a +0 spear.
* * * LOW HITPOINT WARNING * * *
The endoplasm barely misses you. 😨 HP[-9]
You take 9 damage, and now have 15/35 hp.
MASSIVE DAMAGE!! (PAUSE)
You puncture the endoplasm!
You kill the endoplasm!
The gnoll misses you. The gnoll closely misses you.
The gnoll hits you from afar with a +0 spear!
* * * LOW HITPOINT WARNING * * *
😨 HP[-6]
You take 6 damage, and now have 9/35 hp.
You swap places.
Your +0 hand axe of venom hits the gnoll.
Your +0 hand axe of venom completely misses the gnoll.
Your +0 hand axe of venom hits the gnoll.
The gnoll is poisoned.
Your +0 hand axe of venom hits the gnoll.
The gnoll is poisoned.
Your +0 hand axe of venom hits the gnoll.
The gnoll looks as sick as possible!
The gnoll drinks a potion.
The gnoll is healed!
The gnoll looks more healthy.
Your +0 hand axe of venom hits the gnoll.
The gnoll is poisoned.
The gnoll misses you.
The gnoll dies!
Your Armour skill increases to level 2! 2 goblins come into view. 😨 HP[+1]
A goblin, an orc, an orc priest and an orc wizard come into view.
The goblin shouts! x2; The orc priest shouts!
The orc wizard shouts!
The orc shouts!
You hear a shout! x2
A hobgoblin comes into view.
You hear a shout!
A goblin, a hobgoblin, an orc and a ball python come into view.
The goblin is wielding a +2 dagger of venom.
The hobgoblin shouts!
The orc shouts!
You hear a shout!
An orc wizard comes into view. It is wielding a +0 dagger.
Okay, then.
You draw a card...
You have drawn the Elements.
The goblin shouts!
You hear a shout! x2
Robin of the Strong Arm comes into view.
They are wielding a +0 mace.
A hobgoblin comes into view.
The gnoll misses you.
You can't drink.
Unknown command.
Okay, then.
Okay, then.
You can't drink.
You draw a card...
You have drawn the Rangers.
Robin's bangles clink loudly.
Robin roars a battlecry!
The goblins go into a battle-frenzy!
The gnoll barely misses you.
A hobgoblin comes into view.
The orc wizard misses your raiju.
Your ice beast barely misses the gnoll.
Your basilisk gazes at the gnoll.
The gnoll is moving more slowly.
The gnoll hits your basilisk with a +0 halberd.
Your raiju bites the orc priest but does no damage.
Unknown command.
You draw a card...
You have drawn the Rangers.
The deck of cards glows with a rainbow of weird colours and disappears.
The gnoll closely misses you.
The ball python bites your centaur warrior but does no damage.
The hobgoblin hits your centaur warrior but does no damage.
The orc priest mumbles some strange prayers to Beogh against you.
Beogh smites you!
You die...
Your body disappears without a glow.

Skill      XL: |  1  2  3  4  5 |
---------------+----------------+-----
Spellcasting   | 3 4 5 |  5.0
Armour         | 1 2 |  2.0
Conjurations   | 1 |  1.4
Earth Magic    | 3 |  3.3
Dodging        | |  1.5
Stealth        | |  1.5
Transmutations | |  0.7

Action                   |  1- 3 |  4- 6 || total
-------------------------+-------+-------++-------
Melee: Unarmed           |    11 |       ||    11
       Whip              |    19 |       ||    19
       Spear             |    45 |    67 ||   112
       Punch             |       |     2 ||     2
 Cast: Sandblast         |    22 |     6 ||    28
Invok: Draw Summoning    |       |     5 ||     5
       Draw Escape       |       |     1 ||     1
  Use: Scroll            |     1 |     5 ||     6
 Stab: Sleeping          |     3 |     5 ||     8
Armor: Robe              |    18 |     6 ||    24
Dodge: Dodged            |    54 |    56 ||   110

Levels and vault maps discovered:
D:1:      dpeg_arrival_concentric_ovals, layout_rooms, corexii_leaking_fountain
D:2:      layout_rooms, basic_ecumenical_altar, minmay_liquid_box
D:3:      minmay_wonky_spiral, layout_basic
D:4:      layout_basic, uniq_robin

Notes
Turn   | Place    | Note
-------+----------+-------------------------------------------
     0 | D:1      | spaghetti the Mummy Earth Elementalist began the quest for
                  | the Orb.
     0 | D:1      | Reached XP level 1. HP: 13/13 MP: 4/4
     0 | D:1      | magus.rc [v1.9.6]
    93 | D:1      | Reached skill level 3 in Spellcasting
   179 | D:1      | Reached XP level 2. HP: 13/19 MP: 0/6
   519 | D:1      | Reached skill level 4 in Spellcasting
  1144 | D:2      | Found a faded altar of an unknown god.
  1150 | D:2      | Prayed at the altar of an unknown god.
  1150 | D:2      | Became a worshipper of Nemelex Xobeh the Trickster
  1150 | D:2      | Reached * piety under Nemelex Xobeh
  1150 | D:2      | Received a gift from Nemelex Xobeh
  1159 | D:2      | Gained mutation: You are in touch with the powers of death.
                  | [Mummy growth]
  1159 | D:2      | Reached XP level 3. HP: 19/24 MP: 9/9
  1384 | D:2      | Reached skill level 5 in Spellcasting
  1689 | D:3      | Reached XP level 4. HP: 30/30 MP: 11/11
  2433 | D:3      | Reached skill level 1 in Armour
  2505 | D:3      | You pick up a book of Ice and begin reading...
  2505 | D:3      | You add the spells Freezing Cloud, Simulacrum and Polar
                  | Vortex to your library.
  2510 | D:3      | Learned a level 3 spell: Stone Arrow
  2735 | D:3      | Reached ** piety under Nemelex Xobeh
  3273 | D:4      | Noticed a scorpion
  3281 | D:4      | Killed a scorpion
  3282 | D:4      | Reached skill level 1 in Conjurations
  3282 | D:4      | Reached skill level 3 in Earth Magic
  3282 | D:4      | Reached XP level 5. HP: 15/35 MP: 12/12
  3719 | D:4      | Received a gift from Nemelex Xobeh
  3741 | D:4      | Reached skill level 2 in Armour
  3745 | D:4      | Noticed Robin
  3747 | D:4      | Killed from afar by an orc priest

Vanquished Creatures
  A hound (D:4)
  5 adders
  3 worms
  4 dart slugs
  An orc (D:4)
  3 ball pythons
  4 bats
  10 endoplasms
  2 giant cockroaches
  2 goblins
  5 hobgoblins
  3 jackals (D:3)
  3 quokkas
  2 frilled lizards
  3 kobolds
  8 rats
59 creatures vanquished.

Vanquished Creatures (collateral kills)
  A scorpion (D:4)
  A gnoll (D:4)
2 creatures vanquished.

Grand Total: 61 creatures vanquished

Table legend:
 A = Non-vault XP
 B = Vault XP
 C = Vault XP percentage of total XP
 D = Non-vault monster count
 E = Vault monster count
 F = Vault count percentage of total count
                 A         B        C        D         E       F
            +---------+---------+-------+---------+---------+-------
      Total |     312 |      10 |   3.1 |      58 |       3 |   4.9
            +---------+---------+-------+---------+---------+-------
        D:1 |      39 |       0 |   0.0 |      21 |       0 |   0.0
        D:2 |      50 |       0 |   0.0 |      12 |       0 |   0.0
        D:3 |      67 |      10 |  13.0 |      18 |       3 |  14.3
        D:4 |     156 |       0 |   0.0 |       7 |       0 |   0.0
            +---------+---------+-------+---------+---------+-------

Illustrated notes

Table legend:
 A = Kills in this place as a percentage of kills in entire the game.
 B = Kills by you in this place as a percentage of kills by you in the entire game.
 C = Kills by friends in this place as a percentage of kills by friends in the entire game.
 D = Other kills in this place as a percentage of other kills in the entire game.
 E = Experience gained in this place as a percentage of experience gained in the entire game.
 F = Experience gained in this place divided by the number of levels of this place that you have seen.
                   A       B       C       D       E      F
               +-------+-------+-------+-------+-------+----------------------
         Total | 100.0 | 100.0 | 100.0 |   N/A | 100.0 |  80.5
       Dungeon | 100.0 | 100.0 | 100.0 |   N/A | 100.0 |  80.5
               +-------+-------+-------+-------+-------+----------------------

Table legend: (Time is in decaauts)
 A = Elapsed time spent in this place.
 B = Non-inter-level travel time spent in this place.
 C = Inter-level travel time spent in this place.
 D = Time resting spent in this place.
 E = Time spent auto-exploring this place.
 F = Levels seen in this place.
 G = Mean time per level.
                   A        B        C        D        E       F      G
               +--------+--------+--------+--------+--------+-----+--------+
         Total |   3758 |   3698 |     60 |   1229 |   2040 |   4 |  939.5 |
       Dungeon |   3758 |   3698 |     60 |   1229 |   2040 |   4 |  939.5 |
               +--------+--------+--------+--------+--------+-----+--------+

Top non-repeatable levels by time:
     D:3: 1670 daAuts
     D:1: 1022 daAuts
     D:2: 585 daAuts
     D:4: 479 daAuts
